 Dungeon Crawl Stone Soup version 0.20.2-3-g29329e0561 (webtiles) character file.

427 Alfie the Shooter (level 6, 0/52 HPs)
             Began as a Minotaur Hunter on June 6, 2020.
             Slain by an orc
             ... wielding a +0 flail
              (2 damage)
             ... on level 3 of the Dungeon.
             The game lasted 00:08:56 (1787 turns).

Alfie the Shooter (Minotaur Hunter)                 Turns: 1787, Time: 00:08:57

Health: 0/52       AC:  3    Str: 18    XL:     6   Next: 65%
Magic:  4/4        EV: 12    Int:  8    God:
Gold:   110        SH:  0    Dex: 11    Spells: 5/5 levels left

rFire    . . .     SeeInvis .   b - +1 short sword
rCold    . . .     Gourm    .   (no shield)
rNeg     . . .     Faith    .   c - +0 leather armour
rPois    .         Spirit   .   (helmet restricted)
rElec    .         Reflect  .   (no cloak)
rCorr    .         Harm     .   (no gloves)
MR       +....                  (no boots)
Stlth    +.........             (no amulet)
Regen    0.2/turn               (no ring)
MPRegen  0.1/turn               (no ring)

@: no status effects
A: retaliatory headbutt, horns 2, blink, low mp 1, magic resistance 1
a: Blink


You were on level 3 of the Dungeon.
You were not hungry.

You visited 1 branch of the dungeon, and saw 3 of its levels.

You collected 110 gold pieces.

Inventory:

Hand Weapons
 a - a +1 shortbow
 b - a +1 short sword (weapon)
Armour
 c - a +0 leather armour (worn)
Wands
 k - a wand of lightning (4/15)
 q - a wand of disintegration (15/24)
Scrolls
 g - a scroll of identify
 o - a scroll of enchant weapon
Potions
 e - a potion of invisibility {unknown}
 h - a potion of mutation
 i - 2 potions of curing {unknown}
 j - a potion of berserk rage
 m - a potion of lignification {unknown}
 n - a potion of magic {unknown}
Comestibles
 f - a bread ration
 l - 2 meat rations
 p - 3 fruits


   Skills:
 + Level 4.1 Fighting
 + Level 1.8 Short Blades
 + Level 7.1 Bows
 + Level 2.1 Armour
 + Level 3.1 Dodging
 + Level 1.3 Stealth


You had 5 spell levels left.
You didn't know any spells.

Dungeon Overview and Level Annotations

Branches:
Dungeon (3/15)

Altars:
Nemelex Xobeh

Annotations:
D:3 peterlawrence's ghost, amateur MiFi


Innate Abilities, Weirdness & Mutations

You reflexively headbutt those who attack you in melee.
You have a pair of horns on your head.
You can translocate small distances at will.
Your magical capacity is low. (-10% MP)
You are resistant to hostile enchantments. (MR+)


Message History

Do you really want to go berserk while wielding your +1 shortbow? [Y]es or [N]o only, please.
Do you really want to go berserk while wielding your +1 shortbow? [Y]es or [N]o only, please.
Do you really want to go berserk while wielding your +1 shortbow?
Okay, then.
Wield which item (- for none, * to show all)? (? for menu, Esc to quit)
b - a +1 short sword (weapon)
The orc hits you with a hand axe.
* * * LOW HITPOINT WARNING * * *
You puncture the orc!
You kill the orc!
You hit the orc.
You kill the orc!
Items here: ( ))))) [[ ††††† The orc hits you with a flail.
* * * LOW HITPOINT WARNING * * *
You see here 2 arrows.
You closely miss the orc. The orc hits you with a flail.
You die...

#......>####.#...o..,,,,,,*,,,
#.#...#.........<..,,,,,,,*,,*
#.#...............,*,,,,,,,,**
##.#..((...(..(..#****,,,<,,,*
###..#...(#.....(..# *,,,,,,**
...(......(........# **,,,,,,*
.....###........(..# **,,,,,,**
.....#...##.....o..###..#*,,,,*
.....#.###..#..)@......#**,**,*
............####)#..##.$.,,**,***
.....####...####.##.##.##***,,,,,
.....# *#.#.............,,,,,*,,,
.#####*#..###...........,*******,
.# #..## #.......####,* *,
##****#.#***#####.### *,**** *,
***,,,..,,,,,,,,,.# *,,,,****,
,,,,,...,,,,*****## ****,,,,,,


You could see an orc.

Vanquished Creatures
  Sigmund (D:2)
  2 orc priests (D:3)
  7 gnolls (D:2)
  4 adders
  An ooze (D:2)
  3 worms (D:2)
  3 dart slugs
  3 leopard geckos
  7 orcs (D:3)
  5 bats
  5 giant cockroaches
  6 goblins
  6 hobgoblins
  5 jackals
  11 kobolds
  2 quokkas
  4 frilled lizards
  9 rats
84 creatures vanquished.

Notes
Turn   | Place    | Note
-------+----------+-------------------------------------------
     0 | D:1      | Alfie the Minotaur Hunter began the quest for the Orb.
     0 | D:1      | Reached XP level 1. HP: 18/18 MP: 0/0
   133 | D:1      | Reached XP level 2. HP: 25/25 MP: 1/1
   177 | D:1      | Reached skill level 5 in Bows
   465 | D:1      | Reached XP level 3. HP: 15/30 MP: 2/2
   867 | D:2      | Reached skill level 1 in Stealth
   871 | D:2      | Reached skill level 1 in Armour
   871 | D:2      | Reached XP level 4. HP: 16/37 MP: 3/3
   913 | D:2      | Reached skill level 1 in Short Blades
   922 | D:2      | Noticed Sigmund
   934 | D:2      | Killed Sigmund
   934 | D:2      | Reached skill level 6 in Bows
   934 | D:2      | Reached XP level 5. HP: 13/45 MP: 4/4
   951 | D:2      | Gained mutation: You are resistant to hostile enchantments. (MR+) [potion of mutation]
   951 | D:2      | Gained mutation: Your magical capacity is low. (-10% MP) [potion of mutation]
   951 | D:2      | Gained mutation: You can translocate small distances at will. [potion of mutation]
  1026 | D:2      | Found a faded altar of an unknown god.
  1161 | D:2      | Found a sparkling altar of Nemelex Xobeh.
  1226 | D:2      | Reached XP level 6. HP: 46/51 MP: 4/4
  1658 | D:3      | Noticed peterlawrence's ghost (amateur MiFi)
  1772 | D:3      | Reached skill level 7 in Bows
  1786 | D:3      | HP: 2/52 [orc/flail (5)]
  1787 | D:3      | Slain by an orc

Skill      XL: |  1  2  3  4  5  6 |
---------------+-------------------+-----
Bows           | 5 6 7 |  7.1
Stealth        | 1 |  1.3
Armour         | 1 2 |  2.1
Short Blades   | 1 |  1.8
Fighting       | 3 4 |  4.1
Dodging        | 3 |  3.1

Action                   |  1- 3 |  4- 6 || total
-------------------------+-------+-------++-------
Melee: Short sword       |    28 |    53 ||    81
       Headbutt          |     2 |     7 ||     9
 Fire: Shortbow          |    72 |    88 ||   160
  Use: Scroll            |       |     6 ||     6
       Potion            |       |     4 ||     4
  Eat: Royal jelly       |       |     1 ||     1
       Bread ration      |       |     1 ||     1
Armor: Leather armour    |    12 |    17 ||    29
Dodge: Dodged            |    32 |    59 ||    91
